AoeStats
← ArmoV

Glade

510530401Analyzed
1v1 RM · 16h ago on Oct 1, 2026· 70m 17s· 2 players
Game mode
Random Map
Map size
Tiny (2 player)
Population
200
Speed
Normal
Resources
Standard
Victory
Conquest
Starting age
Dark Age
Ending age
Imperial Age
RankedLock teamsTeams togetherTeam positionsShared explorationLock speedFull tech treeHidden civsTurbo modeCheats
Victory
Defeat
🇬🇷 Mongols · Greece
1353
+16
🇨🇭 Slavs · Switzerland
1359
-16
ArmoV
7:50 Feudal Age
6:06 Loom
19:14 Castle Age
18:43 Horse Collar
30:02 Light Cavalry
31:22 Husbandry
35:02 Fletching
36:25 Bodkin Arrow
36:55 Ballistics
36:33 Gold Mining
37:02 Thumb Ring
38:19 Padded Archer Armor
41:59 Imperial Age
42:15 Leather Archer Armor
43:07 Masonry
43:03 Bracer
44:08 Wheelbarrow
43:19 Town Watch
46:05 Chemistry
47:25 Scale Barding Armor
48:49 Chemistry
48:50 Bloodlines
50:43 Hoardings
51:59 Chain Barding Armor
54:48 Elite Mangudai
55:49 Stone Mining
56:19 Forging
57:07 Hand Cart
57:46 Parthian Tactics
58:42 Siege Engineers
59:13 Heavy Plow
60:16 Hussar
60:49 Double-Bit Axe
61:35 Elite Skirmisher
64:34 Conscription
66:34 Iron Casting
66:41 Bow Saw
Koslow
8:57 Feudal Age
7:56 Loom
13:04 Wheelbarrow
15:47 Town Watch
23:11 Castle Age
22:26 Stone Mining
27:50 Elite Skirmisher
31:56 Scale Barding Armor
39:15 Imperial Age
37:41 Chain Barding Armor
38:04 Double-Bit Axe
39:25 Fletching
40:43 Hand Cart
42:55 Bodkin Arrow
44:42 Padded Archer Armor
51:22 Ballistics
53:35 Leather Archer Armor
54:31 Scale Mail Armor
54:41 Forging
54:33 Pikeman
55:15 Squires
56:48 Halberdier
59:24 Chain Mail Armor
62:42 Ring Archer Armor
62:27 Bow Saw
64:25 Chemistry
64:43 Plate Mail Armor
66:31 Iron Casting
66:28 Horse Collar
Connection lost

Rejoining the realm…

Still unreachable

The connection could not be restored.

Session expired

The server has moved on; the page needs a fresh start.